 Dungeon Crawl Stone Soup version 0.28.0-53-g5a82cb258f (webtiles) character file.

Game seed: 12575321292346789292

160 safid the Digger (level 5, -1/31 HPs)
             Began as a Gargoyle Earth Elementalist on Sept 2, 2022.
             Was an Initiate of Vehumet.
             Slain by an ice beast (6 damage)
             ... on level 4 of the Dungeon.
             The game lasted 00:05:05 (3445 turns).

safid the Digger (Gargoyle Earth Elementalist)      Turns: 3445, Time: 00:05:06

Health: -1/31      AC:  7    Str: 12    XL:     5   Next: 41%
Magic:  3/9        EV: 12    Int: 17    God:    Vehumet [......]
Gold:   110        SH:  0    Dex: 10    Spells: 6/10 levels left

rFire   . . .      SeeInvis .   i - +2 club (spect)
rCold   . . .      Faith    .   (no shield)
rNeg    + . .      Spirit   .   b - +0 robe
rPois   ∞          Reflect  .   k - +0 helmet
rElec   +          Harm     .   (no cloak)
rCorr   .          Rampage  .   (no gloves)
Will    .....                   (no boots)
Stlth   ++........              (no amulet)
HPRegen 0.10/turn               (no ring)
MPRegen 0.11/turn               (no ring)

@: no status effects
A: sickness immunity, AC +4, negative energy resistance 1, electricity
resistance, torment resistance 1, petrification resistance
a: Renounce Religion


You were on level 4 of the Dungeon.
You worshipped Vehumet.
Vehumet was noncommittal.
You visited 1 branch of the dungeon, and saw 4 of its levels.

You collected 110 gold pieces.

Inventory:

Hand Weapons
 i - a +2 spectral club (weapon)
Missiles
 c - 164 stones
Armour
 b - a +0 robe (worn)
 k - a +0 helmet (worn)
Wands
 m - a wand of paralysis (1)
Scrolls
 a - a scroll of blinking {unknown}
 e - a scroll of enchant weapon {unknown}
 f - a scroll of immolation {unknown}
 j - 3 scrolls of amnesia {unknown}
Potions
 d - a potion of might {unknown}
 g - a potion of curing {unknown}
 h - 2 potions of berserk rage {unknown}
 l - a potion of flight {unknown}


   Skills:
 + Level 2.4 Fighting
 - Level 2.0 Dodging
 - Level 2.1 Stealth
 + Level 3.0 Spellcasting
 + Level 1.9 Conjurations
 - Level 1.0 Transmutations
 + Level 4.7 Earth Magic


You had 6 spell levels left.
You knew the following spells:

 Your Spells              Type           Power      Damage    Failure   Level
a - Sandblast             Erth           36%        2d10      2%          1
b - Stone Arrow           Conj/Erth      26%        3d8       14%         3

Your spell library contained the following spells:

 Spells                   Type           Power      Damage    Failure   Level
 Passwall                 Tmut/Erth      10%        N/A       9%          2
 Petrify                  Tmut/Erth      12%        N/A       47%         4


Dungeon Overview and Level Annotations

Branches:
Dungeon (4/15)
 Temple: D:4-7

Altars:
Ashenzari
Sif Muna
Vehumet


Innate Abilities, Weirdness & Mutations

You are immune to sickness and miasma.
Your stone body is resilient. (AC +4)
You are immune to poison.
You resist negative energy. (rN+)
You are resistant to electric shocks. (rElec)
You are resistant to unholy torment.
You are immune to petrification.


Message History

The blast of sand hits the phantom.
The phantom is moderately damaged.
The phantom closely misses you.
Unknown command.
Casting: Sandblast (safe; 2% risk of failure)
Confirm with . or Enter, or press ? or * to list all spells.
Aiming: Sandblast (safe; 2% risk of failure)
Press: ? - help, Shift-Dir - straight line, f/p - phantom
Aim: a phantom (moderately damaged, 71% to hit)
The blast of sand hits the phantom.
The phantom is heavily damaged.
The phantom hits you but does no damage.
Unknown command.
You closely miss the phantom.
The phantom is heavily damaged.
Your +2 spectral club barely misses the phantom.
The phantom hits you!
The ice beast hits you but does no damage.
Unknown command.
The phantom hits you.
Casting: Sandblast (safe; 2% risk of failure)
Confirm with . or Enter, or press ? or * to list all spells.
Aiming: Sandblast (safe; 2% risk of failure)
Press: ? - help, Shift-Dir - straight line, f/p - phantom
Aim: a phantom (heavily damaged, 71% to hit)
The blast of sand misses the phantom.
The phantom hits you.
* * * LOW HITPOINT WARNING * * *
The phantom blinks!
You blink.
Unknown command.
Casting: Sandblast (safe; 2% risk of failure)
Confirm with . or Enter, or press ? or * to list all spells.
Aiming: Sandblast (safe; 2% risk of failure)
Press: ? - help, Shift-Dir - straight line, f/p - phantom
Aim: a phantom (heavily damaged, 71% to hit)
The blast of sand misses the phantom.
The phantom hits you but does no damage.
The ice beast hits you.
* * * LOW HITPOINT WARNING * * *
The ice beast freezes you.
You die...

#########
#...<@..#
#...YW..#
#....!..#
#.......#
#.....$.#
##......#
#........#
#..........
#..........


You could see a phantom and an ice beast.

Vanquished Creatures
  Ijyb (D:3)
  Robin (D:3)
  A gnoll (D:2)
  4 adders
  An adder skeleton (D:4)
  A worm (D:3)
  A dart slug (D:2)
  5 endoplasms
  A giant cockroach (D:1)
  7 hobgoblins
  8 jackals
  5 quokkas
  4 ball pythons
  3 bats
  2 frilled lizards
  15 goblins
  2 kobolds
  2 rats (D:2)
64 creatures vanquished.

Vanquished Creatures (others)
  3 plants (D:2)
3 creatures vanquished.

Grand Total: 67 creatures vanquished

Notes
Turn   | Place    | Note
-------+----------+-------------------------------------------
     0 | D:1      | safid the Gargoyle Earth Elementalist began the quest for
                  | the Orb.
     0 | D:1      | Reached XP level 1. HP: 10/10 MP: 3/3
   331 | D:1      | Reached skill level 1 in Transmutations
   331 | D:1      | Reached XP level 2. HP: 8/16 MP: 3/5
  1321 | D:2      | Reached skill level 1 in Fighting
  1321 | D:2      | Reached skill level 4 in Earth Magic
  1321 | D:2      | Reached XP level 3. HP: 20/20 MP: 3/6
  1335 | D:2      | Learned a level 3 spell: Stone Arrow
  2032 | D:2      | Reached XP level 4. HP: 9/26 MP: 3/7
  2277 | D:2      | Found a faded altar of an unknown god.
  2376 | D:2      | Reached skill level 1 in Conjurations
  2796 | D:3      | Noticed Robin
  2857 | D:3      | Killed Robin
  3016 | D:3      | Reached XP level 5. HP: 27/30 MP: 9/9
  3126 | D:3      | Found a radiant altar of Vehumet.
  3130 | D:3      | Found a shimmering blue altar of Sif Muna.
  3134 | D:3      | Became a worshipper of Vehumet
  3142 | D:3      | Found a broken altar of Ashenzari.
  3205 | D:3      | Noticed Ijyb
  3218 | D:3      | Paralysed by Ijyb for 4 turns
  3225 | D:3      | Paralysed by Ijyb for 3 turns
  3232 | D:3      | Killed Ijyb
  3430 | D:4      | Noticed a phantom
  3431 | D:4      | Noticed an ice beast
  3445 | D:4      | Slain by an ice beast

Illustrated notes

Levels and vault maps discovered:
D:1:      matt_arrival_spirals, layout_loops_cross, serial_park_tiny_pond,
          serial_park_tiny_pond
D:2:      layout_loops_ring, hellmonk_ecumenical_altar_inner_sanctum,
          nicolae_grassy_gnolls
D:3:      minmay_spotlight, layout_rooms, grunt_temple_overflow_diamond,
          chequers_serial_rivers_micro_c, minmay_misc_feat_iff,
          minmay_crystal_water, uniq_robin, uniq_ijyb
D:4:      layout_gridville, minmay_temple_entry_crystal_x, portal_sewer_entry_c

Skill      XL: |  1  2  3  4  5 |
---------------+----------------+-----
Transmutations | 1 |  1.0
Fighting       | 1 2 |  2.4
Dodging        | 2 |  2.0
Earth Magic    | 4 |  4.7
Conjurations   | 1 |  1.9
Spellcasting   | 3 |  3.0
Stealth        | |  2.1

Action                   |  1- 3 |  4- 6 || total
-------------------------+-------+-------++-------
Melee: Dagger            |    69 |       ||    69
       Unarmed           |     4 |       ||     4
       Punch             |     2 |     1 ||     3
       Hand axe          |    29 |    64 ||    93
       Short sword       |     7 |       ||     7
       Club              |       |    33 ||    33
 Cast: Sandblast         |    13 |    23 ||    36
  Use: Potion            |       |     1 ||     1
 Stab: Sleeping          |     1 |     3 ||     4
       Distracted        |     1 |       ||     1
Armor: Robe              |    35 |    36 ||    71
Dodge: Dodged            |    80 |    81 ||   161
